 Dungeon Crawl Stone Soup version 0.28-a0-230-g086cc6695f (webtiles) character file.

Game seed: 10691076892664696095

334 Conn the Firebug (level 6, 0/37 HPs)
             Began as an Octopode Fire Elementalist on Aug 22, 2021.
             Hit by a stone thrown by an orc (3 damage)
             ... on level 4 of the Dungeon.
             The game lasted 00:09:33 (4857 turns).

Conn the Firebug (Octopode Fire Elementalist)       Turns: 4857, Time: 00:09:33

Health: 0/37       AC:  1    Str:  7    XL:     6   Next: 53%
Magic:  4/10       EV: 13    Int: 20    God:
Gold:   174        SH:  0    Dex: 12    Spells: 4/11 levels left

rFire   . . .      SeeInvis .   a - +0 short sword
rCold   . . .      Faith    .   (no shield)
rNeg    . . .      Spirit   .   (helmet restricted)
rPois   .          Reflect  .   (no amulet)
rElec   .          Harm     .   (no ring)
rCorr   .          Rampage  .   (no ring)
Will    .....                   (no ring)
Stlth   ++++......              (no ring)
HPRegen 0.12/turn               (no ring)
MPRegen 0.12/turn               (no ring)
                                (no ring)
                                (no ring)

@: lethally poisoned (0 -> -5), about to teleport, hasted, very quick
A: almost no armour, amphibious, 8 rings, camouflage 1, gelatinous body 1,
(nimble swimmer 1), tentacles
a: no special abilities


You were on level 4 of the Dungeon.
You visited 1 branch of the dungeon, and saw 4 of its levels.
You also visited: Ossuary.

You collected 174 gold pieces.

Inventory:

Hand Weapons
 a - a +0 short sword (weapon)
Scrolls
 b - a scroll of holy word {unknown}
 d - 2 scrolls of brand weapon {unknown}
 f - 2 scrolls of immolation {unknown}
 g - 4 scrolls of teleportation
 h - 2 scrolls of amnesia
 i - a scroll of fear {unknown}
 n - a scroll of enchant armour {unknown}
 r - a scroll of blinking {unknown}
Potions
 j - a potion of magic
 k - a potion of resistance
 l - a potion of cancellation
 p - a potion of degeneration {unknown}
 q - a potion of curing {unknown}
 s - a potion of lignification {unknown}


   Skills:
 + Level 0.5 Fighting
 + Level 2.2 Short Blades
 + Level 2.7 Dodging
 + Level 4.5 Stealth
 + Level 3.0 Spellcasting
 + Level 2.0 Conjurations
 + Level 4.6 Fire Magic


You had 4 spell levels left.
You knew the following spells:

 Your Spells              Type           Power      Damage    Failure   Level
a - Foxfire               Conj/Fire      64%        2x1d7     3%          1
b - Conjure Flame         Conj/Fire      16%        6-21      11%         3
c - Inner Flame           Hex/Fire       12%        N/A       16%         3

Your spell library contained the following spells:

 Spells                   Type           Power      Damage    Failure   Level
 Sticky Flame             Conj/Fire      16%        2d4       34%         4
 Fireball                 Conj/Fire      8%         3d6       69%         5


Dungeon Overview and Level Annotations

Branches:
Dungeon (4/15)            Ossuary (visited)
 Temple: D:4-7

Altars:
Ru


Innate Abilities, Weirdness & Mutations

You cannot wear most types of armour.
You are amphibious.
You can wear up to eight rings at the same time.
Your skin changes colour to match your surroundings (Stealth+).
Your rubbery body absorbs attacks. (AC +1, EV +1)
((You are camouflaged near water. (Stealth+)))
You have tentacles for arms and can constrict up to eight enemies at once.


Message History

The goblin is heavily wounded.
You constrict the goblin.
You kill the goblin!
Your magical contamination has completely faded away.
Unknown command.
You feel sick.
You feel sick.
Found 11 gold pieces.
You feel sick.
You are no longer poisoned.
Found a sacrificial altar of Ru.
Found 9 gold pieces.
Why would you want to do that?
A steam dragon comes into view.
The steam dragon hisses angrily.
An orc comes into view. It is wielding a +0 club.
An orc comes into view. It is wielding a +0 falchion.
You see here 9 gold pieces.
The kobold brigand shouts!
Okay, then.
As you read the scroll of teleportation, it crumbles to dust.
You feel strangely unstable.
The kobold brigand throws a poisoned dart.
The poisoned dart closely misses you.
Unknown command.
Unknown command.
Unknown command.
The orc shouts!
You hear a shout!
An orc comes into view. It is wielding a +0 mace.
The orc shouts!
A water moccasin comes into view.
The kobold brigand throws a poisoned dart.
The poisoned dart hits you!
You are poisoned.
* * * LOW HITPOINT WARNING * * *
You feel sick.
The water moccasin hisses angrily.
You feel sick. The orc hits you with a +0 club.
* * * LOW HITPOINT WARNING * * *
The orc throws a stone.
The stone hits you.
You die...

.≈.......≈.# #........##.#
.≈≈≈≈≈≈≈≈≈.# ##........[.#
..........$###.....##...##
####...##.#........##...#
#.....l...........#.##
..#...........K..#...#.g
..#...........##.#..##..
....oo.o.#....##.....##.K
..S.#..@##$...#.....)##
...o##.......##.......#.
..................#.
................##..#.
#..###............ ##≈#.
.. #........##..##.≈## .
........##....l.≈≈#
................≈≈#
.......≈≈≈≈


You could see an iguana and 3 orcs.

Vanquished Creatures
  Terence (D:2)
  12 mummies (Ossuary)
  3 gnolls (D:4)
  4 adders
  3 worms (D:2)
  4 dart slugs
  2 ball pythons (D:3)
  6 bats
  5 endoplasms
  3 giant cockroaches
  6 hobgoblins
  3 quokkas
  4 frilled lizards
  3 goblins
  2 goblin skeletons (Ossuary)
  13 kobolds
  2 kobold skeletons (Ossuary)
  4 orc skeletons (Ossuary)
  3 rats
  11 rat skeletons (Ossuary)
94 creatures vanquished.

Vanquished Creatures (others)
  267 foxfires
267 creatures vanquished.

Grand Total: 361 creatures vanquished

Notes
Turn   | Place    | Note
-------+----------+-------------------------------------------
     0 | D:1      | Conn the Octopode Fire Elementalist began the quest for the
                  | Orb.
     0 | D:1      | Reached XP level 1. HP: 11/11 MP: 3/3
   121 | D:1      | Reached XP level 2. HP: 17/17 MP: 1/5
   803 | D:1      | Reached XP level 3. HP: 17/21 MP: 6/6
  1071 | D:2      | Noticed Terence
  1087 | D:2      | Killed Terence
  1088 | D:2      | Reached skill level 1 in Short Blades
  1088 | D:2      | Reached XP level 4. HP: 24/27 MP: 0/7
  3196 | D:3      | HP: 1/27 [orc wizard/puff of flame (5)]
  3473 | D:4      | Learned a level 3 spell: Conjure Flame
  3477 | D:4      | Learned a level 3 spell: Inner Flame
  3477 | D:4      | Found a sand-covered staircase.
  3482 | Ossuary  | Entered an ossuary
  3547 | Ossuary  | Reached XP level 5. HP: 31/31 MP: 3/8
  3993 | Ossuary  | Reached XP level 6. HP: 37/37 MP: 6/10
  4220 | Ossuary  | HP: 1/37 [mummy (17)]
  4840 | D:4      | Found a sacrificial altar of Ru.
  4845 | D:4      | Noticed a steam dragon
  4855 | D:4      | Noticed a water moccasin
  4857 | D:4      | Hit by a stone thrown by an orc

Illustrated notes

Levels and vault maps discovered:
D:1:      lightli_arrival_noodles, layout_basic
D:2:      layout_basic, grunt_decor_resistance, uniq_terence
D:3:      layout_basic, minmay_misc_feat_tower
D:4:      cheibrodos_thug_alley, layout_cave_pools,
          mainiacjoe_overflow_concentric_impassable, enter_ossuary_5,
          kennysheep_generic_room_2

Skill      XL: |  1  2  3  4  5  6 |
---------------+-------------------+-----
Stealth        | 3 4 |  4.5
Short Blades   | 1 2 |  2.2
Fire Magic     | 4 |  4.6
Conjurations   | 2 |  2.0
Spellcasting   | 3 |  3.0
Fighting       | |  0.5
Dodging        | |  2.7

Action                   |  1- 3 |  4- 6 || total
-------------------------+-------+-------++-------
Melee: Short sword       |    26 |    80 ||   106
       Constrict         |     9 |    29 ||    38
       Tentacles         |     4 |     9 ||    13
 Cast: Foxfire           |    36 |   123 ||   159
  Use: Potion            |       |     6 ||     6
       Scroll            |       |     6 ||     6
 Stab: Sleeping          |     3 |    15 ||    18
Armor: Skin              |     5 |     2 ||     7
Dodge: Dodged            |    17 |    55 ||    72

Table legend: (Time is in decaauts)
 A = Elapsed time spent in this place.
 B = Non-inter-level travel time spent in this place.
 C = Inter-level travel time spent in this place.
 D = Time resting spent in this place.
 E = Time spent auto-exploring this place.
 F = Levels seen in this place.
 G = Mean time per level.
                   A        B        C        D        E       F      G
               +--------+--------+--------+--------+--------+-----+--------+
         Total |   4846 |   4846 |      0 |    400 |   3319 |   5 |  969.2 |
       Dungeon |   3758 |   3758 |      0 |    303 |   2628 |   4 |  939.5 |
       Ossuary |   1087 |   1087 |      0 |     97 |    691 |   1 | 1087.0 |
               +--------+--------+--------+--------+--------+-----+--------+

Top non-repeatable levels by time:
     D:2: 1374 daAuts
 Ossuary: 1087 daAuts
     D:3: 952 daAuts
     D:1: 872 daAuts
     D:4: 559 daAuts
